 Dungeon Crawl Stone Soup version 0.32-a0-314-g526f7d4993 (webtiles) character file.

Game seed: 2761583640303538431

1520920 iamserjio the Slayer (level 26, 242/242 HPs)
             Began as a Mummy Monk on Feb 16, 2024.
             Was the Champion of Ashenzari.
             Escaped with the Orb
             ... and 3 runes!
             The game lasted 02:15:33 (85458 turns).

iamserjio the Slayer (Mummy Monk)                  Turns: 85458, Time: 02:15:34

Health: 242/242    AC: 47    Str: 32    XL:     26   Next: 53%
Magic:  24/24      EV: 14    Int: 11    God:    Ashenzari [******]
Gold:   2115       SH: 17    Dex: 16    Spells: 26/26 levels left

rFire   + + +        W - +10 morningstar "Eos" {elec, Halo rElec, Melee, Sorc} (curse)
rCold   + + +        Y - +2 shield of Resistance {rF++ rC++ Will++, Cun, Self} (curse)
rNeg    + + +        b - +9 gold dragon scales of the Shattered Sun {rPois rF+ rC+, Melee, Dev} (curse)
rPois   ∞            u - +2 helmet of the Wild Blue Yonder {SInv, Cun, Bglg} (curse)
rElec   +            n - +1 cloak of the Oracular Comet {Stlth+, Dev, Elem} (curse)
rCorr   .            j - +2 pair of gloves of Ashenzari's Portent {Str+3, Elem, Self} (curse)
SInv    +            v - +2 pair of boots of the Enigmatic Chagrin {Fly, Dev, Fort} (curse)
Will    +++++        m - amulet "Shackled Together" {Regen+, Cun, Comp} (curse) Stlth
                     P - ring of Toth-Mos's Legacy {rF+, Cun, Bglg} (curse)
HPRegen 1.40/turn    y - ring "Astral Burden" {Str+6, Comp, Self} (curse)
MPRegen 0.19/turn

%: clarity, faith
@: flying, glowing, studying Throwing
A: cold resistance 1, negative energy resistance 3, torment resistance 2, heat
vulnerability 1, in touch with death 2, no potions, faith
0: Orb of Zot
}: 3/15 runes: barnacled, silver, gossamer
a: Renounce Religion, Shatter the Chains


You escaped.
You worshipped Ashenzari.
Ashenzari was exalted by your worship.
You visited 10 branches of the dungeon, and saw 50 of its levels.
You visited the Abyss 1 time.
You visited 1 bazaar.
You also visited: Sewer, Ossuary and Ice Cave.

You collected 10113 gold pieces.
You spent 7998 gold pieces at shops.

Inventory:

Hand Weapons
 f - a +2 broad axe of chaos
 s - the +7 morningstar of Distraction {freeze, Dex+2}
   (You found it on level 3 of the Crypt)

   Dex+2:     It affects your dexterity (+2).
 B - a +1 antimagic war axe
 N - a +6 vampiric broad axe
 R - a +12 club of distortion
 W - the cursed +10 morningstar "Eos" (weapon) {elec, Halo rElec, Melee, Sorc}
   (You took it off a deep elf elementalist on level 3 of the Elven Halls)

   Halo:      It grants its wielder a halo, revealing invisible creatures and
   increasing accuracy against all within it other than the wielder.
   rElec:     It insulates you from electricity.
   It has a curse which improves the following skills: Melee Combat: Short
   Blades, Long Blades, Axes, Maces & Flails, Polearms, Staves and Unarmed
   Combat.
   Sorcery:   Conjurations and Alchemy.
 Z - a +5 trishula of holy wrath
Missiles
 e - 4 throwing nets (quivered) {!f}
 K - 33 curare-tipped darts
Armour
 b - the cursed +9 gold dragon scales of the Shattered Sun (worn) {rPois rF+ rC+, Melee, Dev}
   (You bought it in a shop on level 5 of the Dungeon)

   rF+:       It protects you from fire.
   rC+:       It protects you from cold.
   rPois:     It protects you from poison It has a curse which improves the
   following skills: Melee Combat: Short Blades, Long Blades, Axes, Maces &
   Flails, Polearms, Staves and Unarmed Combat.
   Devices:   Evocations.
 j - the cursed +2 pair of gloves of Ashenzari's Portent (worn) {Str+3, Elem, Self}
   (You found it on level 1 of the Shoals)

   It has a curse which improves the following skills: Elements: Fire Magic, Ice
   Magic, Air Magic and Earth Magic.
   Introspection: Fighting and Spellcasting.
 n - the cursed +1 cloak of the Oracular Comet (worn) {Stlth+, Dev, Elem}
   (You took it off Nikola on level 4 of the Spider Nest)

   It has a curse which improves the following skills: Devices: Evocations.
   Elements:  Fire Magic, Ice Magic, Air Magic and Earth Magic.
 t - the +0 pair of gloves of the Arcane {-Tele rN+ Slay+2}
   (You found it on level 3 of the Crypt)

   Slay+2:    It affects your accuracy & damage with ranged weapons and melee
   (+2).
   rN+:       It protects you from negative energy.
   -Tele:     It prevents most forms of teleportation.
 u - the cursed +2 helmet of the Wild Blue Yonder (worn) {SInv, Cun, Bglg}
   (You bought it in a shop in a bazaar)

   It has a curse which improves the following skills: Cunning: Dodging and
   Stealth.
   Beguiling: Hexes and Translocations.
 v - the cursed +2 pair of boots of the Enigmatic Chagrin (worn) {Fly, Dev, Fort}
   (You bought it in a shop on level 2 of the Orcish Mines)

   It has a curse which improves the following skills: Devices: Evocations.
   Fortitude: Armour and Shields.
 H - a +2 cloak
 Y - the cursed +2 shield of Resistance (worn) {rF++ rC++ Will++, Cun, Self}
   (You bought it in a shop on level 4 of the Shoals)

   rF++:      It greatly protects you from fire.
   rC++:      It greatly protects you from cold.
   Will++:    It greatly increases your willpower.
   It has a curse which improves the following skills: Cunning: Dodging and
   Stealth.
   Introspection: Fighting and Spellcasting.
Jewellery
 a - the ring "Hifiboll" {rElec rC+}
   (You found it on level 5 of the Vaults)

   [ring of protection from cold]

   rC+:       It protects you from cold.
   rElec:     It insulates you from electricity.
 m - the cursed amulet "Shackled Together" (around neck) {Regen+, Cun, Comp}
   (You bought it in a shop on level 1 of the Depths)

   [amulet of regeneration]

   Regen+:    It increases your rate of health regeneration.
   It has a curse which improves the following skills: Cunning: Dodging and
   Stealth.
   Companions: Summonings and Necromancy.
 q - a ring of resist corrosion
 y - the cursed ring "Astral Burden" (right hand) {Str+6, Comp, Self}
   (You found it on level 4 of the Dungeon)

   [ring of strength]

   Str+6:     It affects your strength (+6).
   It has a curse which improves the following skills: Companions: Summonings
   and Necromancy.
   Introspection: Fighting and Spellcasting.
 C - the ring of Yendor {rN+ Dex+3}
   (You found it on level 3 of the Crypt)

   [ring of positive energy]

   Dex+3:     It affects your dexterity (+3).
   rN+:       It protects you from negative energy.
 I - a +6 ring of intelligence
 J - a ring of wizardry
 M - the ring "Cung" {rN+ rCorr Str+6 Dex-3}
   (You found it on level 3 of the Crypt)

   [ring of positive energy]

   Str+6:     It affects your strength (+6).
   Dex-3:     It affects your dexterity (-3).
   rN+:       It protects you from negative energy.
   rCorr:     It protects you from acid and corrosion.
 O - a ring of protection from fire
 P - the cursed ring of Toth-Mos's Legacy (left hand) {rF+, Cun, Bglg}
   (You found it on level 12 of the Dungeon)

   [ring of protection from fire]

   rF+:       It protects you from fire.
   It has a curse which improves the following skills: Cunning: Dodging and
   Stealth.
   Beguiling: Hexes and Translocations.
 S - the ring of Satisfaction {^Drain +Blink rPois rF- rN+++}
   (You took it off a deep elf demonologist on level 3 of the Elven Halls)

   [ring of poison resistance]

   rF-:       It makes you vulnerable to fire.
   rPois:     It protects you from poison rN+++: It renders you almost immune to
   negative energy.
   +Blink:    It lets you blink.
   ^Drain:    It drains your maximum health when unequipped.
 V - a +5 ring of evasion
 X - a ring of fire
Wands
 l - a wand of polymorph (19)
 r - a wand of digging (7) {@v3}
 x - a wand of light (19)
 E - a wand of mindburst (27)
 G - a wand of roots (46)
 T - a wand of flame (103)
 U - a wand of charming (31)
Scrolls
 c - 7 scrolls of vulnerability
 d - a scroll of summoning
 g - 19 scrolls of teleportation {@r3}
 h - a scroll of blinking {@r4}
 i - 10 scrolls of poison
 o - 9 scrolls of fog
 p - a scroll of brand weapon
 w - a scroll of silence
 L - a scroll of revelation
 Q - 9 scrolls of immolation
Miscellaneous
 k - a phantom mirror (inert)
 z - a lightning rod (4/4)
 A - a condenser vane
 D - a phial of floods
 F - a sack of spiders


   Skills:
 - Level 23.8(27) Fighting
 - Level 16.8(23.0) Axes
 * Level 13.7(20.0) Maces & Flails
 - Level 13.2(19.6) Polearms
 - Level 19.7(21.8) Armour
 + Level 10.3(16.0) Dodging
 - Level 15.3(17.6) Shields
 - Level 13.3(18.0) Evocations


You had 26 spell levels left.
You didn't know any spells.
Your spell library contained the following spells:

 Spells                   Type           Power      Damage    Failure   Level
 Apportation              Tloc           2%         N/A       95%         1
 Foxfire                  Conj/Fire      4%         2x1d4     95%         1
 Necrotise                Necr           12%        1d4       95%         1
 Sandblast                Erth           2%         2d4       95%         1
 Summon Small Mammal      Summ           4%         N/A       95%         1
 Sting                    Conj/Alch      4%         1d3       96%         1
 Blink                    Tloc           2%         N/A       98%         2
 Call Imp                 Summ           2%         N/A       98%         2
 Lesser Beckoning         Tloc           2%         N/A       98%         2
 Scorch                   Fire           2%         2d5       98%         2
 Cigotuvi's Dreadful Rot  Necr/Alch/Air  4%         N/A       99%         2
 Ensorcelled Hibernation  Hex/Ice        2%         N/A       99%         2
 Jinxbite                 Hex            2%         N/A       99%         2
 Mercury Vapours          Alch/Air       2%         N/A       99%         2
 Momentum Strike          Conj/Tloc      2%         3d8       99%         2
 Call Canine Familiar     Summ           1%         N/A       100%        3
 Dazzling Flash           Conj/Hex       2%         N/A       100%        3
 Gell's Gravitas          Tloc           1%         N/A       100%        3
 Hailstorm                Conj/Ice       1%         3d5       100%        3
 Inner Flame              Hex/Fire       1%         N/A       100%        3
 Mephitic Cloud           Conj/Alch/Air  1%         N/A       100%        3
 Passwall                 Erth           1%         N/A       100%        3
 Sigil of Binding         Hex            1%         N/A       100%        3
 Stone Arrow              Conj/Erth      2%         3d7       100%        3
 Summon Ice Beast         Ice/Summ       1%         N/A       100%        3
 Swiftness                Air            1%         N/A       100%        3
 Teleport Other           Tloc           1%         N/A       100%        3
 Tukima's Dance           Hex            1%         N/A       100%        3
 Vampiric Draining        Necr           3%         2d6       100%        3
 Volatile Blastmotes      Fire/Tloc      2%         2d10      100%        3
 Animate Dead             Necr           3%         N/A       100%        4
 Brom's Barrelling Bould  Conj/Erth      1%         2d3       100%        4
 Dimensional Bullseye     Hex/Tloc       0%         N/A       100%        4
 Dispel Undead            Necr           3%         3d7       100%        4
 Flame Wave               Conj/Fire      1%         2d4       100%        4
 Fulminant Prism          Conj/Alch      0%         3d5       100%        4
 Ignite Poison            Fire/Alch      1%         N/A       100%        4
 Leda's Liquefaction      Alch/Erth      0%         N/A       100%        4
 Manifold Assault         Tloc           1%         N/A       100%        4
 Olgreb's Toxic Radiance  Alch           1%         N/A       100%        4
 Passage of Golubria      Tloc           1%         N/A       100%        4
 Sticky Flame             Fire/Alch      1%         2d4       100%        4
 Summon Blazeheart Golem  Fire/Summ      1%         N/A       100%        4
 Vhi's Electric Charge    Tloc/Air       2%         N/A       100%        4
 Alistair's Intoxication  Alch           0%         N/A       100%        5
 Arcjolt                  Conj/Air       0%         1d10      100%        5
 Borgnjor's Vile Clutch   Necr/Erth      1%         N/A       100%        5
 Curse of Agony           Necr           3%         N/A       100%        5
 Freezing Cloud           Conj/Ice/Air   0%         6-21      100%        5
 Irradiate                Conj/Alch      0%         3d11      100%        5
 Iskenderun's Battlesphe  Conj           1%         2d6       100%        5
 Lee's Rapid Deconstruct  Erth           0%         3d4*      100%        5
 Silence                  Hex/Air        0%         N/A       100%        5
 Yara's Violent Unravell  Hex/Alch       0%         3d3       100%        5
 Bombard                  Conj/Erth      0%         9d1       100%        6
 Conjure Ball Lightning   Conj/Air       0%         3x3d6     100%        6
 Death Channel            Necr           1%         N/A       100%        6
 Dispersal                Tloc           0%         N/A       100%        6
 Plasma Beam              Fire/Air       0%         2x1d10    100%        6
 Sculpt Simulacrum        Ice/Alch       0%         N/A       100%        6
 Starburst                Conj/Fire      0%         6d3       100%        6
 Summon Cactus Giant      Summ           0%         N/A       100%        6
 Haunt                    Necr/Summ      1%         N/A       100%        7
 Malign Gateway           Summ/Tloc      0%         N/A       100%        7
 Ozocubu's Refrigeration  Ice            0%         4d7       100%        7
 Spellforged Servitor     Conj/Summ      0%         N/A       100%        7
 Summon Hydra             Summ           0%         N/A       100%        7
 Disjunction              Tloc           0%         N/A       100%        8
 Ignition                 Fire           0%         3d3       100%        8
 Infestation              Necr           1%         N/A       100%        8
 Maxwell's Capacitive Co  Air            0%         ∞         100%        8
 Summon Horrible Things   Summ           0%         N/A       100%        8
 Chain Lightning          Conj/Air       0%         2d1       100%        9
 Fire Storm               Conj/Fire      0%         6d1       100%        9
 Polar Vortex             Ice            0%         N/A       100%        9
 Shatter                  Erth           0%         3d5*      100%        9
 Sublimation of Blood     Necr           Unusable   N/A       N/A         2
 Borgnjor's Revivificati  Necr           Unusable   N/A       N/A         8
 Death's Door             Necr           Unusable   N/A       N/A         9

Dungeon Overview and Level Annotations

Branches:
Dungeon (15/15)            Temple (0/1) D:4            Lair (5/5) D:11
 Shoals (4/4) Lair:2       Spider (4/4) Lair:2        Slime (0/5) Lair:4
    Orc (2/2) D:12            Elf (3/3) Orc:2        Vaults (5/5) D:13
  Crypt (3/3) Vaults:3       Tomb (0/3) Crypt:3      Depths (4/4) D:15
    Zot (5/5) Depths:4      Sewer (visited)         Ossuary (visited)
  IceCv (visited)

Altars:
Ashenzari
Cheibriados
Dithmenos
Fedhas
Gozag
Hepliaklqana
Kikubaaqudgha
Makhleb
Nemelex Xobeh
Okawaru
Qazlal
Ru
Sif Muna
Uskayaw
Wu Jian
Xom
Yredelemnul

Shops:
D:5 *   D:8 (   D:11 *   D:14 :   Orc:2 [[*[   Elf:1 *   Shoals:4 (*
Vaults:1 !   Vaults:3 [   Depths:1 *?:=:   Depths:3 !

Portals:
Hell: Depths:1 Depths:2 Depths:3 Depths:4
Abyss: Depths:1 Depths:3
Pandemonium: Depths:2
Ziggurat: Depths:1

Annotations:
D:9 1 exclusion
Lair:2 1 exclusion
Vaults:2 2 runed translucent doors, Forgeling's ghost, adept FeEn; jlumianski's ghost, veteran KoBe
Depths:4 exclusions: draconian stormcaller and 3 more exclusions
Zot:1 1 runed translucent door, Leown's ghost, legendary KoDe
Zot:2 1 transporter, exclusion: orange crystal statue


Innate Abilities, Weirdness & Mutations

You are immune to poison.
Your flesh is cold resistant. (rC+)
You are immune to negative energy. (rN+++)
You are immune to unholy pain and torment.
You are vulnerable to heat. (rF-)
You are strongly in touch with the powers of death.
You do not drink.
You have a special connection with the divine. (Faith)


Message History

The fireball explodes!
The fireball engulfs you but does no damage.
You resist.
The fireball engulfs the balrug.
The balrug completely resists.
The balrug hits you with a +1 antimagic demon whip.
You are engulfed in flames.
You resist.
The balrug hits you with a +1 antimagic demon whip!
You are engulfed in flames.
You resist.
You feel your power leaking away.
Things that are here:
8 stones; a +0 chain mail; a +0 club You bludgeon the balrug!!
Lightning courses through the balrug!!
You kill the balrug!
Training target 18.0 for Evocations reached!
The demonspawn blood saint attacks as it pursues you!
The demonspawn blood saint hits you but does no damage.
You bludgeon the demonspawn blood saint!!
The demonspawn blood saint hits you but does no damage.
You hit the demonspawn blood saint but do no damage.
You impale the demonspawn blood saint!!
The demonspawn blood saint closely misses you.
You hit the demonspawn blood saint.
The demonspawn blood saint hits you but does no damage.
You hit the demonspawn blood saint but do no damage.
You block the demonspawn blood saint's attack.
You hammer the demonspawn blood saint like a gong!!!
You spit the demonspawn blood saint like a pig!!!
You kill the demonspawn blood saint!
There is a fountain of clear blue water here.
There is a stone staircase leading up here.
You fly upwards.
There is a stone staircase leading down here.
What level of the Dungeon? (default 2, ? - help) You're already here!
You see here a quokka skeleton.
HP restored.
Magic restored.
You see here a +0 ring mail.
A reaper comes into view. It is wielding a +1 scythe of freezing.
There is a staircase leading out of the dungeon here.
You have escaped!

....###.# #....[..# ##### #.#
#.####### #.# ##.######## #.#
#.........# #.# #.≈≈≈≈≈≈≈.#
#######.# ###.≈.....≈.# ........#
#.........≈.## .########
#.≈≈≈≈≈...≈..######### .# ###
#.≈..@≈...≈...........
.####.######.≈.≈....2≈..#########
..##.........≈.≈≈≈≈≈.≈..###
.............≈.....≈.≈....#
.........###.≈...≈>..≈..#.###
#.#......# #.≈...≈≈≈≈≈......#
#.#....#.###.≈..............#
#...#>......)≈.....≈..#.#.#.#
##..#.#....#.≈≈≈≈≈≈≈..#...#.#


You could see a reaper.

Vanquished Creatures
  4 dread liches
  3 orbs of fire
  6 ancient liches
  Mennas (Crypt:2)
  2 royal mummies (Crypt:3)
  A shard shrike (Depths:4)
  Boris (5 times) (Vaults:1 Vaults:3 Vaults:4 Depths:3 Depths:4)
  Bai Suzhen (Shoals:4)
  A curse toe (Zot:3)
  5 Killer Klowns (Zot:5)
  A caustic shrike (Depths:3)
  Jory (Crypt:3)
  Nikola (Spider:4)
  4 golden dragons
  2 hellephants (Depths:1)
  An electric golem (Zot:5)
  10 tentacled monstrosities
  Rupert (Lair:4)
  26 Orb Guardians
  2 deep elf master archers (Elf:3)
  4 deep elf blademasters (Elf:3)
  A walking frostbound tome (Depths:3)
  7 liches
  4 titans
  6 quicksilver dragons
  4 sphinxes
  7 death cobs
  Frances (D:12)
  2 ancient champions
  8 tengu reavers
  11 shadow dragons
  11 storm dragons
  4 revenants
  Ilsuiw (Shoals:3)
  Donald (Elf:2)
  2 draconian monks (Zot:2)
  2 azure jellies (IceCv)
  9 fire giants
  2 protean progenitors (Zot:1)
  9 frost giants
  4 draconian scorchers
  3 draconian knights
  2 iron dragons
  5 deep elf elementalists (Elf:3)
  15 vault wardens
  Louise (D:14)
  A draconian shifter (Zot:3)
  10 emperor scorpions
  A juggernaut zombie (Crypt:3)
  2 deep elf sorcerers (Elf:3)
  A balrug (D:2)
  6 ghost moths
  5 curse skulls
  6 draconian stormcallers
  3 quicksilver oozes (IceCv)
  3 formless jellyfish
  2 ghouls (Crypt:3)
  22 ironbound preservers
  6 broodmothers
  14 very ugly things
  6 spriggan defenders
  8 stone giants
  A demonspawn blood saint (D:2)
  An eleionoma (Depths:2)
  18 vampire knights
  4 red draconians
  6 deep elf death magi
  10 ironbound thunderhulks
  3 war gargoyles
  5 green draconians
  4 black draconians
  5 deep elf demonologists
  13 dire elephants
  11 deep elf annihilators
  9 white draconians
  A yellow draconian (Zot:1)
  11 spark wasps
  2 acid blob zombies
  4 eidola
  5 purple draconians
  11 jiangshi
  Snorg (Lair:5)
  11 ettins
  9 merfolk impalers
  2 fire dragons
  7 merfolk javelineers
  5 deep elf high priests
  2 crystal guardians (Vaults:2)
  9 great orbs of eyes
  7 entropy weavers
  6 mummy priests (Crypt:3)
  2 spriggan zombies
  12 yaktaur captains
  3 ice dragons
  4 hydras
  34 vault guards
  8 spriggan air magi
  2 rakshasas
  4 ogre magi
  2 peacekeepers
  2 fenstrider witch skeletons
  A catoblepas (Lair:2)
  4 merfolk aquamancers
  3 radroaches (Spider:4)
  4 alligator snapping turtles
  18 centaur warriors
  45 dancing weapons
  4 merfolk avatars (Shoals:3)
  11 two-headed ogres
  Erica (D:10)
  8 deep troll earth magi
  3 satyrs
  3 jorogumos
  6 boulder beetles
  8 ironbound frosthearts
  9 death yaks
  15 vampire magi
  18 tengu warriors
  6 hell hogs
  A titan zombie (Crypt:3)
  5 deep troll shamans
  8 spriggans
  An occultist (Depths:2)
  7 spriggan berserkers
  2 shock serpents (shapeshifter)
  7 demonic crawlers
  A sun demon (Depths:3)
  5 storm dragon zombies (Crypt:3)
  Sonja (Lair:5)
  3 soul eaters
  9 hell knights
  18 skeletal warriors
  12 deep elf knights
  5 iron trolls
  2 anaconda zombies (Crypt:1)
  10 sea snakes
  5 skysharks
  7 pharaoh ants
  3 bunyip zombies (Crypt:3)
  4 golden dragon zombies (Crypt:3)
  3 flayed ghosts
  A glowing orange brain (shapeshifter) (Depths:3)
  73 deep trolls
  2 shadow wraiths (Crypt:3)
  A glowing orange brain (Depths:2)
  9 deep elf archers
  A sea snake (shapeshifter) (Vaults:1)
  3 sun moths
  10 orb spiders
  A mana viper (shapeshifter) (Vaults:5)
  20 ironbound convokers
  4 arcanists
  21 harpies
  24 deep elf zephyrmancers
  17 phantasmal warriors
  5 steelbarb worms
  9 necromancers
  13 lindwurms
  25 deep elf pyromancers
  2 orc sorcerers (Vaults:5)
  A shadow dragon zombie (Crypt:1)
  22 ugly things
  21 wolf spiders
  An alligator zombie (Crypt:1)
  9 orc knights
  18 fauns
  4 oklob plants (Lair:4)
  Maurice (D:12)
  11 manticores
  15 moths of wrath
  A salamander (Depths:1)
  3 meliai (Spider:4)
  A human skeleton (Crypt:1)
  13 water nymphs
  9 merfolk sirens
  3 shining eyes (Zot:1)
  5 kobold blastminers
  14 cyclopes
  6 black mambas
  2 ice statues (IceCv)
  14 elephants
  2 naga zombies
  5 gargoyles
  2 molten gargoyles
  A smoke demon (Depths:3)
  18 vault sentinels
  Maggie (D:7)
  A shock serpent skeleton (Crypt:1)
  10 torpor snails
  4 unseen horrors
  2 kobold demonologists
  A black draconian zombie (Crypt:3)
  11 cane toads
  5 rime drakes
  29 yaktaurs
  8 komodo dragons
  A hellion (D:15)
  2 efreet (D:9)
  A naga skeleton (Crypt:3)
  An alligator snapping turtle skeleton (Crypt:2)
  4 freezing wraiths
  Psyche (D:8)
  4 tengu conjurers
  An unseen horror skeleton (Crypt:2)
  An ice devil (D:10)
  A yellow draconian skeleton (Crypt:2)
  A tormentor (Depths:3)
  A yaktaur (shapeshifter) (Vaults:5)
  19 merfolk
  8 guardian mummies (Crypt:3)
  A catoblepas skeleton (Crypt:3)
  A green draconian skeleton (Crypt:1)
  A harpy zombie (Crypt:2)
  10 polar bears
  A grey draconian skeleton (Crypt:3)
  6 wind drakes
  6 trolls
  3 tyrant leeches (Lair:5)
  Prince Ribbit (Lair:2)
  19 hornets
  4 raiju (Lair:5)
  9 snapping turtles
  17 dream sheep
  A dream sheep (shapeshifter) (D:14)
  27 blink frogs
  32 tarantellas
  28 jumping spiders
  19 culicivoras
  46 slime creatures
  2 shadows (D:10)
  An ice dragon skeleton (Crypt:3)
  2 air elementals
  8 wyverns
  14 water elementals
  A slime creature zombie (Crypt:2)
  14 vampires
  A fire elemental (Elf:2)
  8 wraiths
  26 yaks
  An ettin skeleton (Crypt:3)
  A naga simulacrum (Crypt:2)
  6 fire bats (D:9)
  7 basilisks
  10 wargs
  15 humans (D:13)
  72 redbacks
  8 vampire mosquitoes
  Edmund (D:6)
  2 steam dragons
  A swamp worm (shapeshifter) (Vaults:5)
  4 great orb of eyes simulacra (IceCv)
  21 water moccasins
  A hydra simulacrum (Zot:1)
  A deep troll skeleton (Crypt:2)
  Duvessa (D:7)
  12 hell hounds (Lair:5)
  11 black bears (Lair:5)
  An ice beast (D:8)
  26 laughing skulls
  3 sky beasts
  An ice dragon simulacrum (Crypt:1)
  49 orc warriors
  A sky beast (shapeshifter) (Depths:2)
  A manticore zombie (Crypt:3)
  15 wolves
  A hog zombie (Crypt:2)
  A snapping turtle skeleton (Crypt:2)
  8 boggarts
  19 centaurs
  A manticore skeleton (Crypt:1)
  A swamp dragon skeleton (Crypt:2)
  8 ogres
  2 elf zombies (Ossuary)
  2 phantoms
  2 slime creature simulacra (IceCv)
  3 kobold brigands
  A rime drake skeleton (Crypt:1)
  A glowing shapeshifter simulacrum (IceCv)
  19 bullfrogs
  9 gnoll sergeants
  4 scorpions
  2 necrophages (Crypt:3)
  An earth elemental (Elf:2)
  A warg zombie (Crypt:3)
  5 wights
  A water moccasin skeleton (Crypt:2)
  Dowan (D:7)
  12 killer bees
  A yak skeleton (Crypt:2)
  3 electric eels
  4 howler monkeys
  2 lava snakes
  6 centaur zombies
  3 hounds
  A human zombie (Ossuary)
  6 jellies
  A bombardier beetle (D:5)
  19 orc priests
  A gnoll bouda (D:4)
  A sleepcap (D:7)
  24 orc wizards
  5 hell rats (Lair:3)
  5 shapeshifter simulacra (IceCv)
  8 hound zombies (Ossuary)
  4 mummies
  11 gnolls
  17 adders
  3 river rats
  2 ufetubi (D:5)
  An iguana zombie (Crypt:3)
  4 adder zombies (Ossuary)
  2 dart slugs
  4 ribbon worms
  64 orcs
  15 ball pythons
  4 bats
  6 endoplasms
  10 giant cockroaches
  4 goblins
  8 hobgoblins
  8 jackals
  5 quokkas
  A frilled lizard (D:1)
  A frilled lizard zombie (Crypt:3)
  2 gnoll skeletons (Crypt:1)
  3 gnoll zombies (Ossuary)
  5 jackal zombies (Ossuary)
  18 kobolds
  7 kobold zombies (Ossuary)
  3 orc zombies
  22 rats
2413 creatures vanquished.

Vanquished Creatures (collateral kills)
  A profane servitor (D:13)
  the Enchantress (Depths:2)
  An electric golem (Zot:5)
  A sphinx (Vaults:5)
  A shadow dragon (Zot:5)
  An ironbound thunderhulk (Vaults:4)
  A black draconian (Depths:4)
  A red draconian (Zot:3)
  A vault guard (Vaults:5)
  A dancing weapon (Elf:1)
  A rime drake (Lair:5)
  A polar bear (Lair:5)
  A slime creature (Vaults:3)
  A hell hound (Lair:5)
  A water moccasin (Lair:5)
  A wolf (Lair:5)
16 creatures vanquished.

Vanquished Creatures (others)
  Asterion (Spider:1)
  An ironbound preserver (Vaults:3)
  An ironbound thunderhulk (Vaults:4)
  A white draconian (Zot:1)
  A red draconian (Zot:1)
  An ice dragon (Depths:4)
  An occultist (Depths:2)
  A deep elf knight (Elf:2)
  2 wolf spiders (Spider:4)
  A manticore (Shoals:4)
  A tarantella (Spider:4)
  A redback (Spider:4)
  A hydra simulacrum (Zot:1)
14 creatures vanquished.

Grand Total: 2443 creatures vanquished

Notes
Turn   | Place    | Note
-------+----------+-------------------------------------------
     0 | D:1      | iamserjio the Mummy Monk began the quest for the Orb.
     0 | D:1      | Reached XP level 1. HP: 18/18 MP: 1/1
   346 | D:1      | Reached XP level 2. HP: 24/24 MP: 2/2
   768 | D:1      | Found a faded altar of an unknown god.
   830 | D:1      | Prayed at the altar of an unknown god.
   830 | D:1      | Became a worshipper of Ashenzari the Shackled
   883 | D:2      | Reached XP level 3. HP: 30/30 MP: 3/3
  1222 | D:2      | Reached XP level 4. HP: 34/37 MP: 4/4
  1690 | D:2      | Reached * piety under Ashenzari
  1701 | D:3      | Found a shadowy altar of Dithmenos.
  1738 | D:3      | Found an ornate altar of the Wu Jian Council.
  1786 | D:3      | Found a glowing drain.
  1790 | Sewer    | Entered a sewer
  1901 | Sewer    | Reached skill level 4 in Fighting
  1901 | Sewer    | Reached skill level 1 in Axes
  1947 | Sewer    | Reached XP level 5. HP: 39/43 MP: 5/5
  2092 | Sewer    | Reached XP level 6. HP: 45/51 MP: 6/6
  2303 | D:3      | Reached skill level 5 in Fighting
  2574 | D:3      | Found a shimmering blue altar of Sif Muna.
  2736 | D:3      | Reached ** piety under Ashenzari
  2900 | D:4      | Found a staircase to the Ecumenical Temple.
  2916 | D:4      | Found a sand-covered staircase.
  2922 | Ossuary  | Entered an ossuary
  2965 | Ossuary  | Reached XP level 7. HP: 57/59 MP: 7/7
  3133 | Ossuary  | Reached skill level 5 in Axes
  3204 | Ossuary  | Reached skill level 6 in Fighting
  3432 | D:4      | Reached XP level 8. HP: 67/67 MP: 8/8
  3827 | D:4      | Identified the +1 leather armour of the Tanner {rElec}
  3988 | D:5      | Entered Level 5 of the Dungeon
  4100 | D:5      | Found Gyiminuh's Lightly-Used Armoury.
  4106 | D:5      | Bought a -2 eveningstar for 70 gold pieces
  4192 | D:5      | Reached skill level 1 in Maces & Flails
  4397 | D:5      | Found a hide-covered altar of Uskayaw.
  4439 | D:5      | Found a shimmering altar of Xom.
  4442 | D:5      | Found a shimmering altar of Xom.
  4557 | D:5      | Reached skill level 7 in Fighting
  4810 | D:5      | Reached skill level 1 in Evocations
  5100 | D:6      | Found a broken altar of Ashenzari.
  5140 | D:6      | Reached XP level 9. HP: 65/76 MP: 9/9
  5141 | D:6      | Reached *** piety under Ashenzari
  5483 | D:6      | Found a stormy altar of Qazlal.
  5514 | D:6      | Noticed Edmund
  5531 | D:6      | Killed Edmund
  5773 | D:6      | Found a burning altar of Makhleb.
  6023 | D:7      | Noticed Dowan
  6036 | D:7      | Killed Dowan
  6037 | D:7      | Reached skill level 5 in Maces & Flails
  6124 | D:7      | Noticed Duvessa
  6131 | D:7      | Killed Duvessa
  6132 | D:7      | Reached skill level 8 in Fighting
  6353 | D:7      | Noticed Maggie
  6363 | D:7      | Killed Maggie
  6523 | D:7      | Found a sacrificial altar of Ru.
  6884 | D:8      | Noticed Psyche
  6888 | D:8      | Killed Psyche
  6896 | D:8      | Reached XP level 10. HP: 86/86 MP: 10/10
  6913 | D:8      | Found a blossoming altar of Fedhas.
  7216 | D:8      | Found Itiz's Antique Weapon Shop.
  7681 | D:8      | Reached skill level 9 in Fighting
  8260 | D:8      | Reached skill level 5 in Evocations
  8263 | D:8      | Found a hazy altar of Hepliaklqana.
  8503 | D:9      | Found an opulent altar of Gozag.
  8571 | D:9      | Found an iron altar of Okawaru.
  8621 | D:9      | Reached **** piety under Ashenzari
  8668 | D:9      | Noticed a two-headed ogre
  8677 | D:9      | Killed a two-headed ogre
  8678 | D:9      | Reached skill level 1 in Armour
  8987 | D:9      | Reached XP level 11. HP: 79/100 MP: 11/11
  9118 | D:9      | Found a snail-covered altar of Cheibriados.
  9385 | D:9      | Noticed a two-headed ogre
  9393 | D:9      | Killed a two-headed ogre
  9823 | D:9      | Reached skill level 10 in Fighting
 10441 | D:9      | Identified the +7 whip of Inference {drain, rF+ rN+ Str+4}
 10696 | D:9      | Noticed a centaur warrior
 10697 | D:9      | Noticed a centaur warrior
 10799 | D:10     | Entered Level 10 of the Dungeon
 10888 | D:10     | Reached skill level 1 in Shields
 10957 | D:10     | Noticed a two-headed ogre
 11478 | D:10     | Found a shadowy altar of Dithmenos.
 11482 | D:10     | Noticed a deep elf pyromancer
 11483 | D:10     | Noticed a two-headed ogre
 11519 | D:10     | Killed a two-headed ogre
 11526 | D:10     | Killed a two-headed ogre
 11692 | D:10     | Noticed Erica
 11699 | D:10     | Killed Erica
 12032 | D:10     | Reached skill level 10 in Maces & Flails
 12248 | D:10     | Noticed a centaur warrior
 12265 | D:10     | Killed a centaur warrior
 12266 | D:10     | Reached XP level 12. HP: 68/106 MP: 12/12
 13210 | D:10     | Reached skill level 11 in Fighting
 13366 | D:11     | Found Solaize's General Store.
 13374 | D:11     | Bought a wand of light (4) for 201 gold pieces
 13374 | D:11     | Bought a sack of spiders for 480 gold pieces
 13374 | D:11     | Bought a scroll of blinking for 90 gold pieces
 13511 | D:11     | Found a staircase to the Lair.
 14292 | D:11     | Noticed a boulder beetle
 14320 | D:11     | Killed a boulder beetle
 14392 | D:11     | Reached skill level 5 in Armour
 14835 | D:12     | Noticed Frances
 15054 | D:12     | Noticed Maurice
 15062 | D:12     | Killed Maurice
 15091 | D:12     | Found a staircase to the Orcish Mines.
 15545 | D:12     | Reached ***** piety under Ashenzari
 16042 | D:9      | Killed a centaur warrior
 16049 | D:9      | Killed a centaur warrior
 16288 | D:9      | Noticed a centaur warrior
 16290 | D:9      | Gained mutation: You are strongly in touch with the powers
                  | of death. [Mummy growth]
 16290 | D:9      | Reached XP level 13. HP: 114/116 MP: 13/13
 16300 | D:9      | Found a faded altar of an unknown god.
 16357 | D:9      | Reached skill level 12 in Fighting
 16562 | Lair:1   | Entered Level 1 of the Lair of Beasts
 17866 | Lair:1   | Identified Dispater's Annotations on the Phantasmal
                  | Discharge
 17930 | Lair:1   | Identified the +11 falchion of Judgement {drain, rPois rF-
                  | rC+ Dex+5}
 18283 | Lair:2   | Reached skill level 13 in Fighting
 18634 | Lair:2   | Found a hole to the Spider Nest.
 18634 | Lair:2   | Noticed Prince Ribbit
 18657 | Lair:2   | Killed Prince Ribbit
 19100 | Lair:2   | Noticed a fire dragon
 19138 | Lair:2   | Killed a fire dragon
 19423 | Lair:2   | Found a staircase to the Shoals.
 19540 | Lair:2   | Identified the +2 leather armour of Carved Wonder {Harm
                  | Will+}
 20308 | Lair:3   | Reached XP level 14. HP: 106/130 MP: 14/14
 20322 | Lair:3   | Reached skill level 14 in Fighting
 21543 | Lair:4   | Identified a scroll of acquirement
 21606 | Lair:4   | Found a staircase to the Slime Pits.
 21685 | Lair:4   | Found a sacrificial altar of Ru.
 21700 | Lair:4   | Noticed Rupert
 21707 | Lair:4   | Killed Rupert
 22394 | Lair:4   | Found a blossoming altar of Fedhas.
 22581 | Lair:4   | Reached skill level 5 in Dodging
 22773 | Lair:4   | Reached skill level 15 in Fighting
 22831 | Lair:4   | Acquired a +0 tower shield of cold resistance
 23034 | D:5      | Bought -2 gold dragon scales for 980 gold pieces
 23258 | Lair:5   | Entered Level 5 of the Lair of Beasts
 23261 | Lair:5   | Noticed Snorg
 23902 | Lair:5   | Killed Snorg
 24702 | Lair:5   | Noticed Sonja
 24726 | Lair:5   | Your ally Sonja died
 25500 | Lair:5   | Reached XP level 15. HP: 124/138 MP: 15/15
 27651 | D:12     | Killed Frances
 28612 | D:13     | Reached skill level 5 in Shields
 28933 | D:13     | Found a gate to the Vaults.
 29389 | D:14     | Noticed Louise
 29402 | D:14     | Killed Louise
 30170 | D:14     | Identified the +5 spear "Goblinbane" {venom, rElec rC++}
 30293 | D:14     | Found Jantyt's Book Shoppe.
 30564 | D:15     | Entered Level 15 of the Dungeon
 30604 | D:15     | Found a sparkling altar of Nemelex Xobeh.
 30828 | D:15     | Noticed an emperor scorpion
 30858 | D:15     | Killed an emperor scorpion
 31033 | D:15     | Found a staircase to the Depths.
 31539 | D:15     | Reached XP level 16. HP: 143/143 MP: 16/16
 31825 | Orc:1    | Entered Level 1 of the Orcish Mines
 31845 | Orc:1    | Reached skill level 10 in Axes
 31872 | Orc:2    | Entered Level 2 of the Orcish Mines
 31916 | Orc:2    | Found a staircase to the Elven Halls.
 31930 | Orc:1    | Found a frozen archway.
 31939 | IceCv    | Entered an ice cave
 32553 | IceCv    | Found a viscous altar of Jiyva.
 32575 | IceCv    | Identified the +4 falchion of Destruction {flame, Stlth+}
 32578 | IceCv    | Identified the ring of Banwuef {rC+ Str+2 Int+2}
 34128 | Orc:2    | Found Dunwif's Armour Emporium.
 34128 | Orc:2    | Found Hauroff's Assorted Antiques.
 34130 | Orc:2    | Found Dadwidd's Antique Armour Boutique.
 34132 | Orc:2    | Found Kuixzeeq's Armour Shoppe.
 34136 | Orc:2    | Bought a +2 pair of boots of flying for 279 gold pieces
 34145 | Orc:2    | Bought a pair of runed gloves for 217 gold pieces
 34525 | Elf:1    | Entered Level 1 of the Elven Halls
 34788 | Elf:1    | Found Labriew's Assorted Antiques.
 35379 | Elf:1    | Identified the +1 robe of the Viny God {rPois Archmagi}
 36009 | Elf:2    | Noticed Donald
 36023 | Elf:2    | Killed Donald
 36469 | Elf:2    | Paralysed by an air elemental for 1 turns
 36982 | Elf:2    | Reached XP level 17. HP: 147/149 MP: 17/17
 38113 | Elf:2    | Found a huge runed translucent gate.
 38113 | Elf:2    | Found a huge runed translucent gate.
 38113 | Elf:2    | Found a huge runed translucent gate.
 38113 | Elf:2    | Found a huge runed translucent gate.
 38113 | Elf:2    | Found a huge runed translucent gate.
 38318 | Elf:3    | Entered Level 3 of the Elven Halls
 38336 | Elf:3    | Paralysed by an air elemental for 1 turns
 38635 | Elf:3    | Reached skill level 10 in Shields
 39486 | Elf:3    | Noticed a deep elf blademaster
 39492 | Elf:3    | Killed a deep elf blademaster
 39831 | Elf:3    | Noticed a deep elf blademaster
 39839 | Elf:3    | Killed a deep elf blademaster
 39990 | Elf:3    | Noticed a deep elf master archer
 39997 | Elf:3    | Killed a deep elf master archer
 40089 | Elf:3    | Noticed a deep elf blademaster
 40103 | Elf:3    | Killed a deep elf blademaster
 40374 | Elf:3    | Identified the ring of Satisfaction {^Drain +Blink rPois
                  | rF- rN+++}
 40777 | Elf:3    | Noticed a deep elf master archer
 40866 | Elf:3    | Killed a deep elf master archer
 41070 | Elf:3    | Noticed a deep elf blademaster
 41080 | Elf:3    | Killed a deep elf blademaster
 41626 | Elf:3    | Identified Vehumet's Compendium of Impulse
 41631 | Elf:3    | Identified the staff of Bloody Death {Will+ rCorr Dex+3
                  | Conj}
 41657 | Elf:3    | Identified the +0 ring mail of the Cuttlefish {rF++ Slay+2}
 41658 | Elf:3    | Identified the +5 war axe "Uziple" {venom, rPois}
 41665 | Elf:3    | Identified the +0 cloak of Zauryff {Dex+6}
 41879 | Orc:2    | Bought a wand of charming (2) for 124 gold pieces
 41879 | Orc:2    | Bought a wand of roots (6) for 374 gold pieces
 42047 | Shoals:1 | Entered Level 1 of the Shoals
 42089 | Shoals:1 | Identified the +2 leather armour of Yhyup {MP-9 Dex+7}
 42407 | Shoals:1 | Reached skill level 16 in Fighting
 43246 | Shoals:2 | Reached XP level 18. HP: 108/158 MP: 18/18
 43889 | Shoals:3 | Reached skill level 10 in Armour
 44139 | Shoals:3 | Noticed Ilsuiw
 44158 | Shoals:3 | Reached skill level 17 in Fighting
 44179 | Shoals:3 | Killed Ilsuiw
 44591 | Shoals:4 | Entered Level 4 of the Shoals
 44634 | Shoals:4 | Found a flickering gateway to a bazaar.
 44640 | Bazaar   | Entered a bazaar
 44649 | Bazaar   | Found Yhuxi's Antique Weapon Emporium.
 44662 | Bazaar   | Found Qoclacs's Antique Weapon Shoppe.
 44677 | Bazaar   | Found Seid's Antique Armour Shoppe.
 44683 | Bazaar   | Bought a shiny helmet for 165 gold pieces
 44683 | Bazaar   | Bought a pair of runed boots for 165 gold pieces
 44700 | Bazaar   | Found Lulicw's Antique Armour Emporium.
 45035 | Shoals:4 | Identified the +1 long sword of Niraal {spect, rN+ Str+4
                  | Dex+2}
 45111 | Shoals:4 | Found Rutzook's Assorted Antiques.
 45216 | Shoals:4 | HP: 6/158 [manticore/volley of spikes (16)]
 45582 | Shoals:4 | Noticed Bai Suzhen
 45608 | Shoals:4 | Killed Bai Suzhen
 45907 | Shoals:4 | Found the +9 sword of Zonguldrok {reap}
 45926 | Shoals:4 | Found Lutorgh's Weapon Boutique.
 46191 | Shoals:4 | Got a barnacled rune of Zot
 46626 | Spider:1 | Entered Level 1 of the Spider Nest
 46786 | Spider:1 | Noticed Asterion
 46805 | Spider:1 | Killed Asterion
 46822 | Spider:1 | Reached skill level 18 in Fighting
 46930 | Spider:1 | Found a runed translucent door.
 47592 | Spider:1 | Identified the +0 scale mail of Boredom {rC++ SInv}
 47636 | Spider:1 | Reached XP level 19. HP: 151/168 MP: 19/19
 49963 | Spider:4 | Entered Level 4 of the Spider Nest
 50001 | Spider:4 | Reached skill level 19 in Fighting
 50285 | Spider:4 | Noticed Nikola
 50322 | Spider:4 | Killed Nikola
 50475 | Spider:4 | Reached skill level 15 in Axes
 51588 | Spider:4 | Got a gossamer rune of Zot
 52017 | Vaults:1 | Entered Level 1 of the Vaults
 52279 | Vaults:1 | Identified the +2 robe of Kindness {+Blink}
 52279 | Vaults:1 | Noticed Boris
 52294 | Vaults:1 | Killed Boris
 52352 | Vaults:1 | Reached XP level 20. HP: 185/185 MP: 20/20
 52491 | Vaults:1 | Found Wenwoec's Distillery.
 52529 | Vaults:1 | Reached skill level 20 in Fighting
 53792 | Vaults:2 | Paralysed by a sphinx for 3 turns
 54281 | Vaults:2 | Reached skill level 21 in Fighting
 54777 | Vaults:2 | Noticed jlumianski's ghost (veteran KoBe)
 54777 | Vaults:2 | Noticed Forgeling's ghost (adept FeEn)
 54778 | Vaults:2 | Found a large runed translucent door.
 54778 | Vaults:2 | Found a large runed translucent door.
 55021 | Vaults:2 | Reached XP level 21. HP: 180/196 MP: 21/21
 55160 | Vaults:3 | Identified the +2 robe of Sunlight {Int+3 Stlth+}
 55160 | Vaults:3 | Noticed Boris
 55183 | Vaults:3 | Killed Boris
 55662 | Vaults:3 | Found Kauxugen's Armour Boutique.
 55938 | Vaults:3 | Found a staircase to the Crypt.
 55938 | Vaults:3 | Found an ancient bone altar of Kikubaaqudgha.
 55938 | Vaults:3 | Found a basalt altar of Yredelemnul.
 57266 | Vaults:4 | Reached skill level 15 in Armour
 57309 | Vaults:4 | Identified the +4 robe of Limitation {rElec rF+ Dex-3}
 57309 | Vaults:4 | Noticed Boris
 57329 | Vaults:4 | Killed Boris
 58224 | Depths:1 | Entered Level 1 of the Depths
 58284 | Depths:1 | Found Harinigh's Magic Scroll Shoppe.
 58291 | Depths:1 | Found a one-way gateway to a ziggurat.
 58297 | Depths:1 | Bought a scroll of enchant armour for 97 gold pieces
 58297 | Depths:1 | Bought a scroll of enchant armour for 97 gold pieces
 58345 | Depths:1 | Found a gateway to Hell.
 58972 | Depths:1 | Found a one-way gate to the infinite horrors of the Abyss.
 59092 | Depths:1 | Reached XP level 22. HP: 188/206 MP: 22/22
 59274 | Depths:1 | Found Zymyheb's Assorted Antiques.
 59299 | Depths:1 | Found Jaicuh's Jewellery Emporium.
 59300 | Depths:1 | Found Racaewk's Book Boutique.
 59300 | Depths:1 | Found Seshriyc's Book Boutique.
 59535 | Depths:1 | Found a sacrificial altar of Ru.
 60483 | Depths:2 | Found a one-way gate leading to the halls of Pandemonium.
 60858 | Depths:2 | Noticed the Enchantress
 60876 | Depths:2 | Killed the Enchantress
 61227 | Depths:3 | Identified the +4 robe "Cyerghuli" {rCorr Archmagi}
 61227 | Depths:3 | Noticed Boris
 61245 | Depths:3 | Killed Boris
 61628 | Depths:3 | Found Okufeumi's Distillery.
 62282 | Depths:3 | Noticed a golden dragon
 62289 | Depths:3 | Killed a golden dragon
 62323 | Depths:3 | Noticed a caustic shrike
 62332 | Depths:3 | Killed a caustic shrike
 62389 | Depths:3 | Identified Heykhliq's Notes on Disjunct Spagyria
 62573 | Depths:4 | Entered Level 4 of the Depths
 62627 | Depths:4 | Found a gate to the Realm of Zot.
 62632 | Depths:4 | Identified the +4 robe "Urioth" {Dex+3}
 62632 | Depths:4 | Noticed Boris
 62667 | Depths:4 | Reached skill level 22 in Fighting
 62667 | Depths:4 | Reached XP level 23. HP: 142/213 MP: 23/23
 62679 | Depths:4 | Killed Boris
 64312 | Shoals:4 | Bought the +2 shield of Resistance {rF++ rC++ Will++} for
                  | 3313 gold pieces
 64312 | Shoals:4 | Found the +2 shield of Resistance {rF++ rC++ Will++}
 64689 | Depths:1 | Bought 3 scrolls of teleportation for 117 gold pieces
 64689 | Depths:1 | Bought a scroll of teleportation for 39 gold pieces
 65603 | Elf:2    | Identified the blade talisman "Poafrih" {Str+6 Int+3}
 65925 | Crypt:1  | Entered Level 1 of the Crypt
 67180 | Crypt:2  | Noticed Mennas
 67202 | Crypt:2  | Killed Mennas
 67732 | Crypt:3  | Entered Level 3 of the Crypt
 68091 | Crypt:3  | Reached skill level 15 in Shields
 68287 | Crypt:3  | Noticed Jory
 68404 | Crypt:3  | Reached skill level 23 in Fighting
 68404 | Crypt:3  | Reached skill level 5 in Polearms
 68404 | Crypt:3  | Reached XP level 24. HP: 104/223 MP: 23/23
 68670 | Crypt:3  | Killed Jory
 68978 | Crypt:3  | Identified the Compendium of the Tomb
 69152 | Crypt:3  | Paralysed by a vampire knight for 4 turns
 69306 | Crypt:3  | Identified the staff of the Lettuce {^Fragile rElec rC+++
                  | rN+ Int+3 Necro}
 69422 | Crypt:3  | Found the +10 zealot's sword {holy, Zealotry, *Rage rN+
                  | EV+3}
 69422 | Crypt:3  | Identified the +7 morningstar of Distraction {freeze,
                  | Dex+2}
 69492 | Crypt:3  | Identified the ring "Cung" {rN+ rCorr Str+6 Dex-3}
 69492 | Crypt:3  | Identified the ring of Yendor {rN+ Dex+3}
 69627 | Crypt:3  | Identified the +4 buckler of the Farmer {Harm rPois rCorr
                  | SInv}
 69703 | Crypt:3  | Found a staircase to the Tomb.
 69732 | Crypt:3  | Identified the +7 plate armour of Valour {*Slow rC+ rN+++
                  | rCorr}
 70530 | Crypt:3  | Found the +8 whip "Snakebite" {venom, curare, rPois}
 70530 | Crypt:3  | Noticed a royal mummy
 70641 | Crypt:3  | Killed a royal mummy
 70819 | Crypt:3  | Identified the +0 pair of gloves of the Arcane {-Tele rN+
                  | Slay+2}
 70819 | Crypt:3  | Noticed a royal mummy
 70900 | Crypt:3  | Killed a royal mummy
 71656 | Depths:1 | Bought an amulet of regeneration for 720 gold pieces
 72007 | Shoals:4 | Bought a scroll of teleportation for 141 gold pieces
 72007 | Shoals:4 | Bought a scroll of teleportation for 141 gold pieces
 72007 | Shoals:4 | Bought a scroll of fog for 188 gold pieces
 72341 | Vaults:5 | Entered Level 5 of the Vaults
 72422 | Vaults:5 | Reached skill level 10 in Evocations
 72424 | Vaults:5 | Noticed a dread lich
 72664 | Vaults:5 | Noticed an ancient lich
 72681 | Vaults:5 | Killed an ancient lich
 72732 | Vaults:5 | Identified the +12 glaive "Dotzys" {drain, *Noise rPois rN+
                  | Dex+3}
 72939 | Vaults:5 | Identified the Compilation of the Atmosphere and
                  | Calefaction
 72945 | Vaults:5 | Identified the staff of Offence {Dex+2 Stlth+ Conj}
 73333 | Vaults:5 | Noticed a dread lich
 73338 | Vaults:5 | Reached XP level 25. HP: 227/227 MP: 23/23
 73356 | Vaults:4 | Killed a dread lich
 73372 | Vaults:5 | Reached skill level 10 in Polearms
 73458 | Vaults:5 | Identified the ring "Hifiboll" {rElec rC+}
 73727 | Vaults:5 | Got a silver rune of Zot
 74080 | Vaults:5 | Killed a dread lich
 74166 | Vaults:5 | Noticed an ancient lich
 74175 | Vaults:5 | Killed an ancient lich
 75321 | Zot:1    | Entered Level 1 of the Realm of Zot
 75321 | Zot:1    | Noticed an orb of fire
 75333 | Zot:1    | Noticed a shard shrike
 75350 | Depths:4 | Killed an orb of fire
 75414 | Depths:4 | Killed a shard shrike
 75823 | Zot:1    | Found a runed translucent door.
 75826 | Zot:1    | Found a shimmering altar of Xom.
 75826 | Zot:1    | Noticed Leown's ghost (legendary KoDe)
 76751 | Zot:2    | Found a transporter.
 76751 | Zot:2    | Identified Jerphota's Encyclopedia of Despicable Magicks
 76751 | Zot:2    | Identified the ring of Miuloas {rF+ rN+ Slay+2}
 76752 | Zot:2    | Identified the +2 helmet of Tenacity {-Cast Rampage Str+3
                  | Slay+3}
 76754 | Zot:2    | Noticed a Killer Klown
 77673 | Zot:4    | Noticed an orb of fire
 77675 | Zot:4    | Noticed a Killer Klown
 77757 | Zot:5    | Entered Level 5 of the Realm of Zot
 78774 | Zot:5    | Noticed an orb of fire
 78798 | Zot:5    | Killed an orb of fire
 78801 | Zot:5    | Noticed an orb of fire
 78805 | Zot:5    | Noticed a dread lich
 78832 | Zot:5    | Killed an orb of fire
 78833 | Zot:5    | Reached XP level 26. HP: 74/242 MP: 23/23
 78856 | Zot:5    | Killed a dread lich
 79015 | Abyss:4  | Cast into level 4 of the Abyss (Killer Klown)
 79027 | Zot:5    | Escaped the Abyss
 79674 | Zot:5    | Noticed an ancient lich
 79699 | Zot:5    | Killed an ancient lich
 79847 | Zot:5    | Noticed an ancient lich
 79864 | Zot:5    | Killed an ancient lich
 80628 | Zot:5    | Noticed a dread lich
 80650 | Zot:5    | Killed a dread lich
 81832 | Zot:5    | Noticed an ancient lich
 81866 | Zot:5    | Killed an ancient lich
 83637 | Zot:5    | Reached skill level 10 in Dodging
 83780 | Zot:5    | Noticed an ancient lich
 83794 | Zot:5    | Killed an ancient lich
 84877 | Zot:5    | Reached ****** piety under Ashenzari
 84878 | Zot:5    | Got the Orb of Zot
 85190 | D:12     | Noticed a seraph
 85458 | D:$      | Escaped with the Orb!

Illustrated notes

Levels and vault maps discovered:
D:1:      ebering_trefoil_twist, layout_loops_ring,
          dilly_ecumenical_altar_fadedgnrine, minivault_11
D:2:      layout_loops_ring, nrook_loot_triangle, serial_park_tiny_1,
          grunt_ministairs_5
D:3:      layout_loops_ring, lemuel_tele_altar, amcnicky_altar_gilded,
          mainiacjoe_overflow_brackets, gup_sewer_entry_bowl
D:4:      layout_gridville, minmay_temple_entry_gardened_gates,
          nicolae_ossuary_entry_plus
D:5:      layout_loops_ring, xom_redecorated, nicolae_uskayaw_dance_hall,
          minmay_shop_damaged
D:6:      layout_gridville, mainiacjoe_overflow_alcove_2,
          nicolae_qazlal_beasts_of_the_sky, evilmike_ruin_ashenzari, uniq_edmund
D:7:      layout_cave_pools, nicolae_ru_sacrificial_ziggurat, uniq_maggie,
          uniq_duvessa
D:8:      minmay_polygon_palace, layout_rooms, nicolae_hepliaklqana_hippocampus,
          general_overflow_altar, serial_shops, nicolae_shop_scrapyard,
          interstate_on_off, uniq_psyche
D:9:      regret_index_infernal_bastille, layout_cave_pods,
          okawaru_ov_weapons_minmay,
          nicolae_gozag_cash_rules_everything_around_me,
          mainiacjoe_overflow_paths, mainiacjoe_overflow_tiny_flanked,
          mainiacjoe_overflow_surrounded_room, nicolae_lava_and_water,
          nicolae_figureground_sparkle
D:10:     hangedman_cross_cluster, layout_loops_ring, uniq_erica
D:11:     layout_layer_cave, lair_entry_dummy, serial_shops, shop,
          minmay_misc_feat_tower
D:12:     layout_roguey, david_orc_2, uniq_frances, uniq_maurice
D:13:     layout_basic, grunt_vaults_entry_tiered
D:14:     layout_layer_cave, chequers_serial_rivers_room_a, serial_shops,
          nicolae_lakefront_shop, uniq_louise
D:15:     hangedman_depths_entry_try_elsewhere_first, layout_loops_ring,
          nemelex_xobeh_ov_fountains_minmay, tso_metal_star
Lair:1:   layout_loops_ring, serial_bayou_shore_a, grunt_megastairs_5,
          lemuel_fruit_tree
Lair:2:   dragon1_lemuel, layout_cave_pods, minmay_shoals_entry_hut,
          hellmonk_spider_entry_life_and_decay, grunt_megastairs_4,
          lemuel_fruit_fields, uniq_prince_ribbit2
Lair:3:   layout_chaotic_city
Lair:4:   layout_loops_ring, minmay_slime_entry_pillars, basic_altar,
          minivault_23, hangedman_tree_tricks, dreamdust_deal_with_the_devil,
          uniq_rupert
Lair:5:   wormcave, layout_gridlike, hangedman_lair_caniforms_friends,
          uniq_sonja, uniq_snorg
Shoals:1: layout_shoals
Shoals:2: layout_shoals, nicolae_shoals_former_cling_halls
Shoals:3: layout_shoals, uniq_ilsuiw
Shoals:4: shoals_end_hangedman, layout_shoals, serial_shops, bzr_entry_road,
          nicolae_shop_statue_plus, nicolae_shop_scrapyard, uniq_bai_suzhen
Spider:1: cheibrodos_spider_deadly_dance, hangedman_spider_tarantella_strand,
          uniq_asterion
Spider:2: layout_spider_delve, drop_trap
Spider:3: layout_chambers, drop_trap, nicolae_spider_scorpion_nest
Spider:4: hellmonk_spider_rune_endless_swarm, uniq_nikola
Orc:1:    layout_caves, portal_ice_cave_entry_pillars_1
Orc:2:    st_orc_rangers, layout_caves, nicolae_orc_quarried_blocks
Elf:1:    nicolae_elf_arrival_fired_up, layout_geoelf_octagon, serial_shops,
          nicolae_shop_window_shopping, hangedman_elven_crosses_minicolossus
Elf:2:    elven_hall_of_blades_hangedman_alternative [nicolae_blade_tridents],
          layout_gridlike, roderic_roman_lattice, uniq_donald
Elf:3:    minmay_elf_hall_circle, layout_onion_city
Vaults:1: nicolae_vaults_murder_corner, nicolae_vaults_wrenched,
          vaults_room_corners, hangedman_vaults_variations,
          vaults_room_ringed_pool, v_pattern_4, nicolae_vaults_sealed_display,
          vaults_room_pools, grunt_vaults_diagonal,
          nicolae_vaults_border_crossing, layout_vaults_omnicross, serial_shops,
          nicolae_shop_advertising_works [nicolae_subvault_shop_adworks],
          uniq_boris
Vaults:2: advil_vaults_ghost_guards, nicolae_vaults_sightless_eye, v_rooms_5,
          hangedman_vaults_nails, nicolae_vaults_closet_pinwheel_6,
          nicolae_vaults_gold_heap, vaults_room_door_hall, grunt_vaults_focal,
          v_misc_2, nicolae_vaults_trapezoid_1, nicolae_vaults_two_Ls,
          vaults_dpeg_diagonal, layout_vaults_omnigrid
Vaults:3: minmay_crypt_entry_necro_gods,
          nicolae_vaults_taking_the_gang_shopping,
          ontoclasm_vaults_claustrophobia, grunt_vaults_swirl,
          nicolae_vaults_trapezoid_lopsided_2, v_alt_pattern_6, v_alt_pattern_1,
          v_misc_10, nicolae_vaults_six-pack, grunt_vaults_funnel,
          dpeg_vaults_waves, nicolae_vaults_trapezoid_lopsided_2,
          nicolae_vaults_layer_cake_slice, vaults_room_large_hall,
          nicolae_vaults_house_2, layout_vaults_maze_snakey
Vaults:4: v_misc_27, nicolae_vaults_double_plus_1, vaults_mumra_hexcomb,
          nicolae_vaults_oval_intersection, nicolae_vaults_storage_closets_2,
          nicolae_vaults_security_offices_4, vaults_dpeg_cross,
          ontoclasm_vaults_chip, layout_vaults_big_room
Vaults:5
Crypt:1:  layout_rooms, grunt_megastairs_3
Crypt:2:  layout_misc_corridors, nicolae_crypt_stairsoleum, uniq_mennas
Crypt:3:  due_elkab, layout_chaotic_city, st_stairs_14,
          serial_sigils_hangedman_gnaw, st_burial_chamber
Depths:1: layout_big_octagon, enter_ziggurat_c, grunt_hell_horde,
          grunt_decor_junction, abyss_entry, serial_shops, shop,
          nicolae_shop_trees, roadster_trireme, minmay_shop_grove
Depths:2: grunt_forest_end_chambers, layout_basic, hangedman_coc_ice_floe,
          pan_entry, minmay_misc_feat_nine_boxes, bh_walls_and_bars
Depths:3: minmay_rotating_shell, layout_cave_pools, abyss_entry, hellmouth_1,
          serial_shops, nicolae_shop_window_shopping, kennysheep_big_empty_room
Depths:4: evilmike_zot_entry_argh, layout_gridlike,
          pf_vacation_house_of_asmodeus, serial_corexii_hall,
          corexii_hall_statues_i, corexii_hall_statues_t,
          corexii_hall_statues_i, hangedman_decor_diamond_cutter
Zot:1:    layout_twisted_circle, ebering_ghost_xom,
          regret_index_zotdec_split_disrupt, hangedman_elemental_grid_stream
Zot:2:    gammafunk_sealed_arena, layout_onion, regret_index_zotdec_onion_hex
Zot:3:    kennysheep_ambush_hall, layout_misc_corridors,
          hangedman_zot_decor_checkerboard, lemuel_elevator, uniq_josephina
Zot:4:    kennysheep_blocky_room, layout_basic, ebering_ghost_gozag,
          regret_index_zotdec_dark_gr, st_stairs_7
Zot:5:    layout_misc_corridors

Skill      XL: |  1  2  3  4  5  6  7  8  9 10 11 12 13 14 15 16 17 18 19 20 21 22 23 24 25 26 |
---------------+-------------------------------------------------------------------------------+-----
Polearms       | 3 5 9 13 | 13.2
Fighting       | 4 5 6 7 8 9 10 11 13 15 16 18 19 21 22 23 | 23.8
Axes           | 1 2 3 5 6 7 9 12 13 14 15 16 | 16.8
Maces & Flails | 3 6 8 10 11 12 13 | 13.7
Evocations     | 1 3 5 8 10 12 13 | 13.3
Armour         | 1 4 5 7 8 9 11 12 16 19 | 19.7
Shields        | 2 3 7 9 11 12 13 15 | 15.3
Dodging        | 3 5 6 7 8 9 10 | 10.3

Action                     |  1- 3 |  4- 6 |  7- 9 | 10-12 | 13-15 | 16-18 | 19-21 | 22-24 | 25-27 || total
---------------------------+-------+-------+-------+-------+-------+-------+-------+-------+-------++-------
  Melee: Spear             |    99 |    51 |       |       |       |       |       |       |       ||   150
         Hand axe          |       |   117 |   313 |       |       |       |       |       |       ||   430
         Eveningstar       |       |       |    46 |   663 |  1408 |       |       |       |       ||  2117
         Broad axe         |       |       |       |       |   153 |  2295 |  2129 |  1526 |   913 ||  7016
         Morningstar       |       |       |       |       |       |       |    11 |   301 |   168 ||   480
         Trishula          |       |       |       |       |       |       |       |  1152 |   124 ||  1276
  Throw: Dart              |       |       |     1 |     5 |    15 |     4 |       |       |       ||    25
         Throwing net      |       |       |     1 |       |       |       |       |     3 |       ||     4
 Invoke: Curse Item        |     1 |     2 |     2 |     6 |     2 |     4 |     2 |       |     5 ||    24
         Shatter the Chain |       |       |     1 |     3 |     3 |     5 |       |     2 |       ||    14
  Evoke: Wand              |       |       |    14 |    17 |    25 |    27 |     2 |     9 |    40 ||   134
         Sack of spiders   |       |       |       |       |     2 |     3 |     3 |     3 |     2 ||    13
         Condenser vane    |       |       |       |       |       |     1 |     2 |     2 |       ||     5
         Phantom mirror    |       |       |       |       |       |       |       |     1 |     1 ||     2
    Use: Scroll            |       |       |     3 |     6 |    19 |    15 |    12 |     8 |    19 ||    82
   Stab: Held in net/web   |       |       |     2 |       |       |       |     3 |       |     1 ||     6
         Invisible         |       |       |       |     3 |       |       |       |     3 |       ||     6
         Distracted        |       |       |       |       |       |       |     2 |     3 |       ||     5
 Armour: Scale mail        |    30 |   122 |    91 |       |       |       |       |       |       ||   243
         Leather armour    |       |       |   103 |       |       |       |       |       |       ||   103
         Plate armour      |       |       |    45 |   846 |   495 |       |       |       |       ||  1386
         Gold dragon scale |       |       |       |       |  1180 |  1870 |  1222 |  1846 |   957 ||  7075
  Dodge: Dodged            |    24 |   102 |   192 |   240 |   326 |   353 |   490 |   799 |   324 ||  2850
  Block: Buckler           |       |       |       |   100 |   139 |       |       |       |       ||   239
         Tower shield      |       |       |       |       |   957 |  2399 |  3083 |  1379 |       ||  7818
         Reflection        |       |       |       |       |       |       |    71 |    48 |       ||   119
         Kite shield       |       |       |       |       |       |       |       |  1959 |   724 ||  2683

Table legend: (Time is in decaauts)
 A = Elapsed time spent in this place.
 B = Non-inter-level travel time spent in this place.
 C = Inter-level travel time spent in this place.
 D = Time resting spent in this place.
 E = Time spent auto-exploring this place.
 F = Levels seen in this place.
 G = Mean time per level.
                   A        B        C        D        E       F      G
               +--------+--------+--------+--------+--------+-----+--------+
         Total |  84041 |  76869 |   7172 |  19330 |  38792 |  55 | 1528.0 |
       Dungeon |  22655 |  19855 |   2800 |   4008 |  11949 |  15 | 1510.3 |
          Lair |  10761 |   9628 |   1133 |   2456 |   5261 |   5 | 2152.2 |
        Shoals |   4754 |   4194 |    560 |    815 |   1908 |   4 | 1188.5 |
   Spider Nest |   5133 |   4939 |    194 |    710 |   2767 |   4 | 1283.2 |
  Orcish Mines |   1964 |   1774 |    190 |    437 |    859 |   2 |  982.0 |
   Elven Halls |   7987 |   7685 |    302 |   3718 |   2468 |   3 | 2662.3 |
        Vaults |   8799 |   8040 |    759 |   1164 |   4689 |   5 | 1759.8 |
         Crypt |   5018 |   4622 |    396 |    371 |   2710 |   3 | 1672.7 |
        Depths |   5999 |   5565 |    434 |    447 |   3688 |   4 | 1499.8 |
           Zot |   9291 |   8890 |    401 |   4865 |   1967 |   5 | 1858.2 |
         Abyss |     11 |     11 |      0 |      0 |      0 |   1 |   11.0 |
        Bazaar |     78 |     78 |      0 |      0 |     58 |   1 |   78.0 |
         Sewer |    465 |    465 |      0 |    187 |     30 |   1 |  465.0 |
       Ossuary |    367 |    367 |      0 |      0 |    176 |   1 |  367.0 |
      Ice Cave |    751 |    751 |      0 |    150 |    261 |   1 |  751.0 |
               +--------+--------+--------+--------+--------+-----+--------+

Top non-repeatable levels by time:
   Zot:5: 7007 daAuts
  Lair:5: 3596 daAuts
   Elf:3: 3445 daAuts
 Crypt:3: 3265 daAuts
     D:9: 2977 daAuts
   Elf:1: 2616 daAuts
  Lair:2: 2571 daAuts
    D:10: 2560 daAuts
    D:11: 2478 daAuts
Vaults:5: 2320 daAuts
   Elf:2: 1925 daAuts
  Lair:4: 1925 daAuts
Vaults:3: 1871 daAuts
Vaults:1: 1816 daAuts
    D:12: 1814 daAuts
